 Dungeon Crawl Stone Soup version 0.29.1-1-gd02db6906a (webtiles) character file.

Game seed: 1889364566797411365

16 Zeld the Chopper (level 2, -10/40 HPs)
             Began as a Minotaur Berserker on Oct 9, 2022.
             Was a Follower of Trog.
             Mangled by Terence
             ... wielding a +0 flail
              (11 damage)
             ... on level 2 of the Dungeon.
             The game lasted 00:00:51 (746 turns).

Zeld the Chopper (Minotaur Berserker)                Turns: 746, Time: 00:00:52

Health: -10/40     AC:  2    Str: 21    XL:     2   Next: 41%
Magic:  1/1        EV: 12    Int:  4    God:    Trog [*.....]
Gold:   5          SH:  0    Dex:  9    Spells: 1/1 levels left

rFire   . . .      SeeInvis .   a - +0 hand axe
rCold   . . .      Faith    .   (no shield)
rNeg    . . .      Spirit   .   b - +0 animal skin
rPois   .          Reflect  .   (helmet restricted)
rElec   .          Harm     .   (no cloak)
rCorr   .          Rampage  .   (no gloves)
Will    .....                   (no boots)
Stlth   ..........              (no amulet)
HPRegen 0.13/turn               i - ring of flight
MPRegen 0.07/turn               (no ring)

@: berserking, flying, very quick
A: horns 2, retaliatory headbutt
a: Renounce Religion, Berserk


You were on level 2 of the Dungeon.
You worshipped Trog.
Trog was aware of your devotion.
You visited 1 branch of the dungeon, and saw 2 of its levels.

You collected 44 gold pieces.
You spent 39 gold pieces at shops.

Inventory:

Hand Weapons
 a - a +0 hand axe (weapon)
Missiles
 d - 5 poisoned darts (quivered)
Armour
 b - a +0 animal skin (worn)
Jewellery
 i - a ring of flight (left hand)
Scrolls
 e - a scroll of amnesia {unknown}
 j - a scroll of identify {unknown}
Potions
 c - 2 potions of might {unknown}
 f - a potion of lignification {unknown}
 g - a potion of resistance {unknown}
 h - a potion of curing


   Skills:
 + Level 3.8 Fighting
 * Level 4.1 Axes
 + Level 2.7 Armour
 + Level 2.4 Dodging


You had one spell level left.
You didn't know any spells.
Your spell library was empty.

Dungeon Overview and Level Annotations

Branches:
Dungeon (2/15)

Altars:

Shops:
D:1 !![=

Annotations:
D:2 Terence


Innate Abilities, Weirdness & Mutations

You have a pair of horns on your head.
You reflexively headbutt those who attack you in melee.


Message History

Terence barely misses you. The ball python bites you.
The ball python grabs you. The ball python constricts you.
There are monsters nearby!
You slash the ball python!
You kill the ball python!
Trog accepts your kill.
You hit Terence but do no damage. Terence barely misses you.
You hit Terence but do no damage. Terence barely misses you.
You hit Terence but do no damage.
Terence shouts, "DIE!!!"
Terence hits you with a +0 flail.
You hit Terence.
Terence is lightly wounded.
Terence closely misses you.
Unknown command.
Unknown command.
You hit Terence. Your headbutt misses Terence.
Terence is moderately wounded.
Terence closely misses you.
You closely miss Terence.
Terence is moderately wounded.
Terence hits you with a +0 flail!
* * * LOW HITPOINT WARNING * * *
You are too injured to fight recklessly!
A red film seems to cover your vision as you go berserk!
You feel yourself moving faster!
You feel mighty! Terence closely misses you. You furiously retaliate!
You headbutt Terence. You completely miss Terence.
Terence is heavily wounded.
Terence misses you.
Unknown command.
You hit Terence. You headbutt Terence.
Terence is severely wounded.
Terence hits you with a +0 flail!
* * * LOW HITPOINT WARNING * * *
Unknown command.
You barely miss Terence. Your headbutt misses Terence.
Terence is severely wounded.
Terence hits you with a +0 flail!
You die...

### ..# #.# #.#
# #.###.###
##...?.... #
#.@.......
....##.@#
........#######.
....##.#<.......
#.. #.#.######.
. [...# .....#
......# #.#####.
.# #


You could see Terence.

Vanquished Creatures
  3 ball pythons
  An endoplasm (D:1)
  A giant cockroach (D:1)
  A goblin (D:1)
  A hobgoblin (D:1)
  3 jackals (D:1)
  2 kobolds (D:1)
  A frilled lizard (D:1)
  A rat (D:1)
14 creatures vanquished.

Notes
Turn   | Place    | Note
-------+----------+-------------------------------------------
     0 | D:1      | Zeld the Minotaur Berserker began the quest for the Orb.
     0 | D:1      | Reached XP level 1. HP: 19/19 MP: 0/0
   108 | D:1      | Found a faded altar of an unknown god.
   236 | D:1      | Found Osynodui's Jewellery Boutique.
   278 | D:1      | Reached XP level 2. HP: 27/27 MP: 1/1
   281 | D:1      | Reached skill level 4 in Axes
   427 | D:1      | Found Qama's Distillery.
   436 | D:1      | Bought a potion of curing for 39 gold pieces
   465 | D:1      | Found Xamioh's Distillery.
   588 | D:1      | Found Syh Ybbo's Antique Armour Shop.
   733 | D:2      | Noticed Terence
   745 | D:2      | HP: 1/40 [Terence/+0 flail (12)]
   746 | D:2      | Mangled by Terence

Illustrated notes

Levels and vault maps discovered:
D:1:      lemuel_arrival_room, layout_basic, serial_shops,
          nicolae_shop_hallway_plus, shop, shop, shop,
          shapermc_ecumenical_altar_venn
D:2:      layout_loops_ring, st_stairs_2, uniq_terence

Skill      XL: |  1  2 |
---------------+-------+-----
Axes           | 4 |  4.1
Fighting       | |  3.8
Armour         | |  2.7
Dodging        | |  2.4

Action                   || total
-------------------------++-------
Melee: Hand axe          ||    36
       Headbutt          ||     5
       Punch             ||     1
Invok: Berserk           ||     1
Armor: Animal skin       ||     3
Dodge: Dodged            ||    34
